 Dungeon Crawl Stone Soup version 0.25.0-11-g1f837a76a1 (webtiles) character file.

Game seed: 18191596908295258947

72 Apogee the Sneak (level 4, 0/21 HPs)
             Began as a Spriggan Enchanter on June 26, 2020.
             Succumbed to a kobold's poison
             ... on level 3 of the Dungeon.
             The game lasted 00:11:36 (3127 turns).

Apogee the Sneak (Spriggan Enchanter)               Turns: 3127, Time: 00:11:37

Health: 0/21       AC:  2    Str:  4    XL:     4   Next: 6%
Magic:  7/9        EV: 18    Int: 17    God:
Gold:   155        SH:  0    Dex: 16    Spells: 5/8 levels left

rFire    + . .     SeeInvis +   a - +1 dagger
rCold    + . .     Gourm    .   (shield restricted)
rNeg     . . .     Faith    .   b - +0 robe
rPois    +         Spirit   .   (helmet restricted)
rElec    +         Reflect  .   (no cloak)
rCorr    +         Harm     .   (gloves unavailable)
MR       .....                  (boots unavailable)
Stlth    +++.......             l - amulet of magic regeneration
HPRegen  0.07/turn              i - ring of resist corrosion
MPRegen  0.11/turn              (no ring)

@: lethally poisoned (0 -> -13), resistant, very quick
A: very small, unfitting armour, see invisible, herbivore, speed 3, mutation
resistance 1, slow metabolism 2
a: no special abilities


You were on level 3 of the Dungeon.
You were full.

You visited 1 branch of the dungeon, and saw 3 of its levels.

You collected 155 gold pieces.

Inventory:

Hand Weapons
 a - a +1 dagger (weapon)
Missiles
 k - 92 stones (quivered)
Armour
 b - a +0 robe (worn)
Jewellery
 i - a ring of resist corrosion (left hand)
 l - an amulet of magic regeneration (around neck)
Scrolls
 f - a scroll of remove curse {unknown}
 g - a scroll of blinking {unknown}
 h - a scroll of magic mapping {unknown}
 j - 3 scrolls of teleportation {unknown}
 n - a scroll of identify {unknown}


   Skills:
 + Level 2.6 Short Blades
 - Level 3.0 Dodging
 + Level 6.7 Stealth
 - Level 2.6 Spellcasting
 - Level 3.6 Hexes


You had 5 spell levels left.
You knew the following spells:

 Your Spells              Type           Power        Failure   Level  Hunger
a - Corona                Hex            ##.....      4%          1    #......
b - Ensorcelled Hibernat  Hex/Ice        #.....       13%         2    ##.....

Your spell library contained the following spells:

 Spells                   Type           Power        Failure   Level  Hunger
 Confusing Touch          Hex            ##......     12%         3    ###....
 Tukima's Dance           Hex            ##......     12%         3    ###....
 Dazzling Flash           Conj/Hex       #.....       26%         3    ###....


Dungeon Overview and Level Annotations

Branches:
Dungeon (3/15)

Altars:


Innate Abilities, Weirdness & Mutations

You are very small and have problems with some larger weapons.
You are too small for most types of armour.
You have supernaturally acute eyesight. (SInv)
You are a herbivore.
You cover ground extremely quickly.
You need to consume almost no food.
You are somewhat resistant to further mutation.


Message History

As you read the scroll labeled JUOPPAUXATI, it crumbles to dust.
You assume a fearsome visage.
Nothing appears to happen.
It was a scroll of fear.
* * * LOW HITPOINT WARNING * * *
You feel sick.
Okay, then.
You eat one of the 3 rations.
That ration really hit the spot!
* * * LOW HITPOINT WARNING * * *
You feel sick.
You eat one of the 2 rations.
That ration really hit the spot!
* * * LOW HITPOINT WARNING * * *
You feel sick.
You eat the ration.
That ration really hit the spot!
* * * LOW HITPOINT WARNING * * *
You feel sick.
You aren't carrying any food.
Drop what? 10/52 slots (_ for help) (? for menu, Esc to quit)
Okay, then.
i - a ring of resist corrosion (left hand)
You die...

####≈≈≈≈≈≈≈≈≈#
#....≈≈≈≈≈≈≈≈≈≈
#.##≈≈≈.≈≈≈≈≈##
#.##.≈≈≈≈#####
#.##.≈≈.≈.#
#.##≈≈.≈≈.#
#.##≈.≈≈..#
#.##.≈≈≈≈.#
#(.@)≈.≈≈.#
#......≈≈≈≈..#
#.####≈≈≈......
#. #.≈.≈..### #
#.≈≈≈≈.#
#..≈≈≈.#
##≈≈≈≈.#
≈.≈≈≈.#


There were no monsters in sight!

Vanquished Creatures
  An adder (D:2)
  2 worms (D:2)
  4 dart slugs
  4 giant cockroaches
  3 goblins (D:1)
  5 hobgoblins
  3 jackals (D:2)
  8 kobolds
  6 bats
  2 frilled lizards
  8 rats
46 creatures vanquished.

Notes
Turn   | Place    | Note
-------+----------+-------------------------------------------
     0 | D:1      | Apogee the Spriggan Enchanter began the quest for the Orb.
     0 | D:1      | Reached XP level 1. HP: 9/9 MP: 5/5
   226 | D:1      | Reached skill level 5 in Stealth
   497 | D:1      | Reached XP level 2. HP: 12/13 MP: 6/6
   501 | D:1      | Learned a level 2 spell: Ensorcelled Hibernation
  1116 | D:1      | Reached skill level 6 in Stealth
  1165 | D:1      | Reached XP level 3. HP: 15/16 MP: 4/8
  3019 | D:2      | Reached XP level 4. HP: 21/21 MP: 9/9
  3121 | D:3      | Gained mutation: You are somewhat resistant to further
                  | mutation. [potion of mutation]
  3126 | D:3      | HP: 1/21 [poisoned by a kobold]
  3127 | D:3      | Succumbed to a kobold's poison

Illustrated notes

Levels and vault maps discovered:
D:1:      scummos_arrival_checkerplants, layout_basic
D:2:      layout_rooms, minmay_pentomino_x2
D:3:      layout_basic, kennysheep_slug_shrine, chequers_serial_rivers_large_a,
          minmay_quadrilaterals

Skill      XL: |  1  2  3 |
---------------+----------+-----
Stealth        | 5 6 |  6.7
Short Blades   | 2 |  2.6
Dodging        | |  3.0
Spellcasting   | |  2.6
Hexes          | |  3.6

Action                   |  1- 3 |  4- 6 || total
-------------------------+-------+-------++-------
Melee: Dagger            |   163 |     6 ||   169
Throw: Stone             |     2 |       ||     2
 Cast: Corona            |    11 |       ||    11
       Ensorcelled Hiber |    30 |     1 ||    31
  Use: Potion            |       |     2 ||     2
       Scroll            |       |     1 ||     1
 Stab: Sleeping          |    20 |     2 ||    22
  Eat: Ration            |     1 |     3 ||     4
Armor: Robe              |    16 |       ||    16
Dodge: Dodged            |   136 |     4 ||   140
